 Dungeon Crawl Stone Soup version 0.30.1-4-g462c640d31 (webtiles) character file.

Game seed: 1705998459008201636

2686 croobank the Ducker (level 9, 0/62 HPs)
             Began as an Octopode Transmuter on Sept 7, 2023.
             Was an Initiate of Gozag.
             Slain by a cyclops (32 damage)
             ... on level 7 of the Dungeon.
             The game lasted 00:54:18 (6744 turns).

croobank the Ducker (Octopode Transmuter)           Turns: 6744, Time: 00:54:19

Health: 0/62       AC:  1    Str: 12    XL:     9   Next: 64%
Magic:  15/17      EV: 16    Int: 19    God:    Gozag
Gold:   359        SH:  5    Dex: 17    Spells: 16/19 levels left

rFire   . . .        q - +5 dagger "Ruskijo" {spect, Drain rC+ Str+2 Dex+5}
rCold   + . .        (no shield)
rNeg    . . .        j - melded +1 hat
rPois   .            i - amulet of reflection
rElec   .            v - +4 ring of slaying
rCorr   .            (no ring)
SInv    .            (no ring)
Will    .....        (no ring)
Stlth   +++          (no ring)
HPRegen 0.30/turn    (no ring)
MPRegen 0.15/turn    (no ring)
                     (no ring)

%: reflection
@: appendages, wereblooded
A: tentacle spike 3, almost no armour, amphibious, 8 rings, camouflage 1,
gelatinous body 1, (nimble swimmer 1), tentacles
a: End Transformation, Renounce Religion, Potion Petition, Call Merchant, Bribe
Branch


You were on level 7 of the Dungeon.
You worshipped Gozag.
Gozag was aware of your devotion.
One of your tentacles had grown a beastly spike.
You visited 2 branches of the dungeon, and saw 8 of its levels.

You collected 479 gold pieces.
You paid 120 gold pieces to Gozag.

Inventory:

Hand Weapons
 c - a +2 falchion of holy wrath
 n - a +2 short sword of draining
 q - the +5 dagger "Ruskijo" (weapon) {spect, Drain rC+ Str+2 Dex+5}
   (You found it on level 3 of the Dungeon)

   Str:       It affects your strength (+2).
   Dex:       It affects your dexterity (+5).
   rC:        It protects you from cold.
   Drain:     It drains your maximum health when unequipped.
 t - a +3 dagger of venom
 A - a +0 short sword of speed
Missiles
 o - 8 poisoned darts
 w - 5 atropa-tipped darts (quivered)
 E - 3 javelins
Armour
 j - a +1 hat (melded)
Jewellery
 i - an amulet of reflection (around mantle)
 v - a +4 ring of slaying (left tentacle)
Wands
 s - a wand of polymorph (4)
 y - a wand of flame (29)
 F - a wand of mindburst (17)
Scrolls
 d - 4 scrolls of fear
 f - a scroll of fog
 l - a scroll of enchant weapon
 u - 3 scrolls of teleportation {unknown}
 B - a scroll of acquirement {unknown}
 G - 2 scrolls of magic mapping {unknown}
Potions
 a - 3 potions of lignification
 b - 3 potions of invisibility
 e - 3 potions of mutation
 g - 2 potions of flight
 k - a potion of heal wounds
 m - 2 potions of haste
 r - a potion of ambrosia
 x - 4 potions of curing {unknown}
 z - a potion of cancellation {unknown}
 D - 3 potions of might {unknown}


   Skills:
 + Level 5.7 Fighting
 + Level 5.2 Short Blades
 + Level 6.0 Dodging
 - Level 3.4 Unarmed Combat
 + Level 5.6 Spellcasting
 + Level 6.0 Transmutations


You had 16 spell levels left.
You knew the following spells:

 Your Spells              Type           Power      Damage    Failure   Level
a - Beastly Appendage     Tmut           56%        N/A       1%          1
b - Wereblood             Tmut           28%        N/A       1%          2

Your spell library contained the following spells:

 Spells                   Type           Power      Damage    Failure   Level
 Spider Form              Tmut/Pois      16%        N/A       10%         3
 Ensorcelled Hibernation  Hex/Ice        10%        N/A       19%         2
 Ice Form                 Ice/Tmut       16%        N/A       32%         4
 Anguish                  Hex/Necr       2%         N/A       75%         4
 Olgreb's Toxic Radiance  Pois           5%         N/A       75%         4
 Discord                  Hex            2%         N/A       100%        8
 Ignition                 Fire           2%         3d3       100%        8


Dungeon Overview and Level Annotations

Branches:
Dungeon (7/15)             Temple (1/1) D:7

Altars:
Ashenzari
Cheibriados
Elyvilon
Fedhas
Gozag
Hepliaklqana
Kikubaaqudgha
Makhleb
Nemelex Xobeh
Okawaru
Trog
Uskayaw
Vehumet
Yredelemnul
Zin
The Shining One

Shops:
D:2 :   D:5 *


Innate Abilities, Weirdness & Mutations

One of your tentacles has grown a beastly spike.
You cannot wear most types of armour.
You are amphibious.
You can wear up to eight rings at the same time.
Your skin changes colour to match your surroundings (Stealth+).
Your rubbery body absorbs attacks. (AC +1, EV +1)
((You are camouflaged when in or above water. (Stealth+)))
You have tentacles for arms and can constrict up to eight enemies at once.


Message History

Your tentacle spike disappears.
Your +1 hat unmelds from your body.
You now have 359 gold pieces (gained 15).
As you read the scroll of identify, it crumbles to dust.
k - a potion of heal wounds
As you read the scroll of identify, it crumbles to dust.
r - a potion of ambrosia
Okay, then.
You drop 4 potions of degeneration.
As you read the scroll labelled PICONL KIUGIANN, it crumbles to dust.
It is a scroll of enchant weapon.
Your +2 dagger of venom glows red for a moment.
There is an open door here.
Found 4 stones.
As you read the scroll labelled HEPONEIBRA, it crumbles to dust.
You hear the flapping of tiny wings.
It was a scroll of butterflies.
You start waiting.
Your butterfly disappears in a burst of colours! x28
A cyclops comes into view.
Your butterfly disappears in a burst of colours! x2
Casting: Wereblood (safe; 1% risk of failure)
Confirm with . or Enter, or press ? or * to list all spells.
One of your tentacles grows a vicious spike.
Your +1 hat melds into your body.
Casting: Beastly Appendage (safe; 1% risk of failure)
Confirm with . or Enter, or press ? or * to list all spells.
Your blood is infused with primal strength.
The cyclops hits you!!
Ouch! That really hurt!
The cyclops barely misses you.
You completely miss the cyclops. You squeeze the cyclops.
The cyclops is lightly wounded.
Your +5 dagger "Ruskijo" {spect, Drain rC+ Str+2 Dex+5} hits the cyclops!
You barely miss the cyclops.
The cyclops is moderately wounded.
Your +5 dagger "Ruskijo" {spect, Drain rC+ Str+2 Dex+5} hits the cyclops!
The cyclops hits you!!
Ouch! That really hurt!
You die...
Your body crumbles into a pile of gold.

.. ##### #.# #
##...###..### #
##.....##....# #
#.......#....## #
#.......#.....# #
#.......##(...# $ #
##.....###.(@C# #
##...## ###..# ##
####'########.# .#
#..)).........# .#
#.)...........# .#
#)............# .#
#.########'####
.####..### ##...##
....#....###.....##


You could see a cyclops and a friendly +5 dagger "Ruskijo" {spect, Drain rC+
Str+2 Dex+5}.

Vanquished Creatures
  Eustachio (D:5)
  A vampire mosquito (D:7)
  A steam dragon (D:7)
  A water moccasin (D:7)
  2 orc warriors (D:7)
  2 black bears
  3 centaurs
  A kobold brigand (D:7)
  A bullfrog (D:7)
  2 scorpions
  A gnoll sergeant (D:6)
  4 wights
  A killer bee (D:7)
  2 howler monkeys
  5 hounds
  3 orc priests
  9 iguanas
  A sleepcap (D:5)
  Natasha (thrice) (D:4)
  Ijyb (D:3)
  2 orc wizards
  10 gnolls
  5 adders
  A shadow imp (D:7)
  2 ufetubi (D:5)
  2 worms (D:2)
  4 dart slugs
  16 orcs
  8 bats
  6 endoplasms
  2 giant cockroaches (D:1)
  5 goblins
  5 hobgoblins
  10 jackals
  2 quokkas (D:1)
  11 ball pythons
  2 frilled lizards
  10 kobolds
  6 rats
154 creatures vanquished.

Notes
Turn   | Place    | Note
-------+----------+-------------------------------------------
     0 | D:1      | croobank the Octopode Transmuter began the quest for the
                  | Orb.
     0 | D:1      | Reached XP level 1. HP: 13/13 MP: 3/3
    44 | D:1      | Reached XP level 2. HP: 13/18 MP: 3/5
    47 | D:1      | Learned a level 2 spell: Wereblood
   515 | D:1      | Reached XP level 3. HP: 23/23 MP: 4/6
   667 | D:1      | You fall into a shaft and drop 1 floor!
  2098 | D:2      | Reached XP level 4. HP: 29/29 MP: 3/7
  2301 | D:2      | Found Louphem's Vocational Training.
  2660 | D:3      | Identified the +5 dagger "Ruskijo" {spect, Drain rC+ Str+2
                  | Dex+5}
  2744 | D:3      | Found a faded altar of an unknown god.
  2783 | D:3      | Noticed Ijyb
  2819 | D:3      | Killed Ijyb
  3396 | D:3      | Reached XP level 5. HP: 34/34 MP: 6/9
  3612 | D:4      | Reached skill level 1 in Short Blades
  3733 | D:4      | Noticed Natasha
  3738 | D:4      | Killed Natasha
  3739 | D:4      | Reached XP level 6. HP: 29/41 MP: 7/10
  3988 | D:4      | Noticed Natasha
  3990 | D:4      | Found a glowing silver altar of Zin.
  3996 | D:4      | Killed Natasha
  3998 | D:4      | Noticed Natasha
  4005 | D:4      | Killed Natasha
  4141 | D:4      | Found a radiant altar of Vehumet.
  4433 | D:5      | Entered Level 5 of the Dungeon
  4535 | D:5      | Noticed a black bear
  4538 | D:5      | Reached XP level 7. HP: 34/46 MP: 8/12
  4685 | D:5      | Noticed Eustachio
  4694 | D:5      | Killed Eustachio
  4776 | D:5      | Found Jopp's Gadget Gallery.
  4963 | D:6      | Reached XP level 8. HP: 45/54 MP: 14/14
  5621 | D:6      | Reached skill level 5 in Dodging
  5621 | D:6      | Reached skill level 5 in Transmutations
  6059 | D:7      | Reached skill level 5 in Spellcasting
  6059 | D:7      | Reached XP level 9. HP: 54/60 MP: 14/16
  6107 | D:7      | Reached skill level 5 in Fighting
  6204 | D:7      | Found a staircase to the Ecumenical Temple.
  6217 | Temple   | Entered the Ecumenical Temple
  6245 | Temple   | Became a worshipper of Gozag Ym Sagoz the Greedy
  6584 | D:7      | Reached skill level 5 in Short Blades
  6733 | D:7      | Noticed a cyclops
  6744 | D:7      | Slain by a cyclops

Illustrated notes

Levels and vault maps discovered:
D:1:      dpeg_arrival_arbitrary_b, layout_loops_ring, chequers_garden,
          grunt_decor_junction
D:2:      layout_loops_corners, kennysheep_minor_cross, nicolae_shop_vocational
D:3:      layout_basic, hellmonk_ecumenical_altar_arch_garden, uniq_ijyb
D:4:      layout_cave_pools, nicolae_vehumet_radiance,
          mainiacjoe_overflow_alcove_4, uniq_natasha
D:5:      layout_rooms, nicolae_shop_gadgets, uniq_eustachio
D:6:      layout_rooms
D:7:      minmay_opposing_rooms, layout_basic, minmay_temple_entry_proselytizer,
          ebering_ghost_inner_flame, uniq_menkaure
Temple:   eino_temple_water

Skill      XL: |  1  2  3  4  5  6  7  8  9 |
---------------+----------------------------+-----
Fighting       | 2 3 4 5 |  5.7
Transmutations | 3 4 5 6 |  6.0
Short Blades   | 1 2 3 4 5 |  5.2
Dodging        | 3 4 5 6 |  6.0
Spellcasting   | 3 4 5 |  5.6
Unarmed Combat | |  3.4

Action                     |  1- 3 |  4- 6 |  7- 9 || total
---------------------------+-------+-------+-------++-------
  Melee: Unarmed           |    79 |    58 |       ||   137
         Kick              |    21 |    36 |    37 ||    94
         Constrict         |    24 |    32 |    37 ||    93
         Tentacles         |    18 |    20 |    30 ||    68
         Punch             |     3 |     5 |     4 ||    12
         Dagger            |       |    59 |   136 ||   195
  Throw: Dart              |       |     1 |     7 ||     8
         Javelin           |       |       |     4 ||     4
         Throwing net      |       |       |     1 ||     1
   Cast: Beastly Appendage |    29 |    22 |    18 ||    69
         Wereblood         |    22 |    20 |    19 ||    61
  Evoke: Wand              |       |     1 |     1 ||     2
    Use: Scroll            |     1 |     4 |     9 ||    14
         Potion            |       |       |     1 ||     1
   Stab: Sleeping          |     3 |     1 |     1 ||     5
         Distracted        |     1 |       |     2 ||     3
         Held in net/web   |       |       |     1 ||     1
 Armour: Skin              |     6 |     6 |     3 ||    15
  Dodge: Dodged            |    44 |    70 |    91 ||   205
  Block: Other             |     4 |    14 |    29 ||    47
         Reflection        |       |     1 |     1 ||     2
